 Dungeon Crawl Stone Soup version 0.29.1-15-g9cfb28693d (webtiles) character file.

Game seed: 5712071862144183171

166 KamiKatze the Conjurer (level 5, -3/28 HPs)
             Began as a Deep Elf Conjurer on Apr 3, 2023.
             Slain by a bullfrog (5 damage)
             ... in a sewer.
             The game lasted 00:10:05 (2528 turns).

KamiKatze the Conjurer (Deep Elf Conjurer)          Turns: 2528, Time: 00:10:05

Health: -3/28      AC:  2    Str:  4    XL:     5   Next: 22%
Magic:  4/13       EV: 12    Int: 25    God:
Gold:   174        SH:  0    Dex: 13    Spells: 1/12 levels left

rFire   . . .      SeeInvis .   a - +0 dagger
rCold   . . .      Faith    .   (no shield)
rNeg    . . .      Spirit   .   c - +0 robe
rPois   .          Reflect  .   (no helmet)
rElec   .          Harm     .   (no cloak)
rCorr   .          Rampage  .   (no gloves)
Will    .....                   (no boots)
Stlth   +.........              (no amulet)
HPRegen 0.09/turn               (no ring)
MPRegen 0.13/turn               (no ring)

@: very slow
A: no striking features
a: no special abilities


You were in a sewer.
You visited 1 branch of the dungeon, and saw 3 of its levels.
You also visited: Sewer.

You collected 174 gold pieces.

Inventory:

Hand Weapons
 a - a +0 dagger (weapon)
Missiles
 e - 5 poisoned darts (quivered)
Armour
 c - a +0 robe (worn)
Scrolls
 d - a scroll of noise {unknown}
 i - a scroll of teleportation
Potions
 b - a potion of magic
 f - a potion of flight {unknown}
 g - a potion of ambrosia {unknown}
 j - a potion of curing {unknown}


   Skills:
 * Level 1.4 Throwing
 + Level 2.9 Dodging
 - Level 3.0 Stealth
 * Level 4.0 Spellcasting
 * Level 4.8 Conjurations
 * Level 2.3 Hexes
 * Level 1.7 Translocations
 * Level 1.8 Evocations


You had one spell level left.
You knew the following spells:

 Your Spells              Type           Power      Damage    Failure   Level
a - Magic Dart            Conj           100%       1d8       1%          1
b - Searing Ray           Conj           58%        2d6       1%          2
c - Fulminant Prism       Conj/Hex       11%        3d9       21%         4
d - Iskenderun's Mystic   Conj/Tloc      21%        2d6       24%         4

Your spell library contained the following spells:

 Spells                   Type           Power      Damage    Failure   Level
 Dazzling Flash           Conj/Hex       46%        N/A       6%          3


Dungeon Overview and Level Annotations

Branches:
Dungeon (3/15)              Sewer (1/1)

Altars:


Message History

Aiming: Magic Dart (safe; 1% risk of failure)
Press: ? - help, Shift-Dir - straight line, f - ball python
Aim: a ball python (100% to hit)
Okay, then.
Casting: Magic Dart (safe; 1% risk of failure)
Confirm with . or Enter, or press ? or * to list all spells.
Aiming: Searing Ray (safe; 1% risk of failure)
Press: ? - help, Shift-Dir - straight line, f - ball python
Aim: a ball python (77% to hit)
The searing ray hits the ball python.
The ball python is severely wounded.
The searing ray hits the bullfrog.
The bullfrog is moderately wounded. (Press . to maintain the ray.)
The searing ray hits the ball python!
You kill the ball python!
The bullfrog hits you. The bullfrog hits you! The bullfrog barely misses you.
The bullfrog closely misses you.
Unknown command.
The searing ray hits the bullfrog.
The bullfrog is lightly wounded.
You finish channelling your searing ray.
The bullfrog barely misses you. The bullfrog hits you. x2
* * * LOW HITPOINT WARNING * * *
The bullfrog hits you.
* * * LOW HITPOINT WARNING * * *
Unknown command.
Casting: Searing Ray (safe; 1% risk of failure)
Confirm with . or Enter, or press ? or * to list all spells.
The spell is extremely dangerous to miscast (24% risk of failure)!
Continue anyway?
You erupt in a blast of force!
The mystic blast hits the bullfrog!
The bullfrog is heavily wounded.
The bullfrog is knocked back by the mystic blast.
The mystic blast hits the bullfrog!
The bullfrog is heavily wounded.
The bullfrog is knocked back by the mystic blast.
The bullfrog slams into the stone wall!
The bullfrog is severely wounded.
The bullfrog hits you.
You die...

##†~##~~÷~~.~##~~.#
##~~##~~~.....~##~~##
#~~~.~~~.~~~.~~~#.~~#
#~.~~~#######~.~##~~#
#######~###~~~.≈##..~#~.##
#~~~~~###~†~~.~~≈##~.#~†~#
#.~~~~#.~~~.~~.~~≈#~.##~~#
#~~~~~#..##~.~?.~≈##~~#~.#
#.~#~.#~.#~@~$?:..≈#~†#†~#
#~†#.~#†.#F~~~?(.~≈#.~#~~#
#~~#~##~~#~F~~.$~.≈#~.#~~#
#..#~#.~~#≈~~~~.~≈≈#†~#~~#
#~.#~#∩~~#≈~~~~~.≈≈#~~#~~#
#~~#~#.~~##≈.~.~≈≈##~~#~~#
#..#~###~~#≈≈.~~≈≈#~~##..#
#..#~.~#~~##≈≈~≈≈##~†#~~†#
##.##~~#~~~## ##~~.#~~##


You could see 2 bullfrogs.

Vanquished Creatures
  7 adders
  3 river rats (D:3)
  A worm (D:2)
  2 dart slugs (D:1)
  11 ball pythons
  11 endoplasms
  4 giant cockroaches (Sewer)
  4 goblins
  3 hobgoblins
  3 quokkas
  5 bats
  12 frilled lizards
  2 kobolds (D:1)
  5 rats
73 creatures vanquished.

Notes
Turn   | Place    | Note
-------+----------+-------------------------------------------
     0 | D:1      | KamiKatze the Deep Elf Conjurer began the quest for the
                  | Orb.
     0 | D:1      | Reached XP level 1. HP: 10/10 MP: 6/6
   154 | D:1      | Found a faded altar of an unknown god.
   181 | D:1      | Reached XP level 2. HP: 14/15 MP: 4/8
   184 | D:1      | Learned a level 2 spell: Searing Ray
   310 | D:1      | Reached skill level 1 in Hexes
   837 | D:2      | Reached skill level 1 in Translocations
   837 | D:2      | Reached XP level 3. HP: 19/19 MP: 3/9
  1151 | D:2      | Reached skill level 1 in Evocations
  1514 | D:3      | Reached skill level 1 in Throwing
  1514 | D:3      | Reached XP level 4. HP: 24/24 MP: 6/11
  1680 | D:3      | Found a glowing drain.
  1688 | Sewer    | Entered a sewer
  1758 | Sewer    | Learned a level 4 spell: Fulminant Prism
  1919 | Sewer    | Reached XP level 5. HP: 28/28 MP: 8/12
  2352 | Sewer    | Learned a level 4 spell: Iskenderun's Mystic Blast
  2528 | Sewer    | Slain by a bullfrog

Illustrated notes

Levels and vault maps discovered:
D:1:      lightli_molten_gateway, layout_loops_cross, basic_ecumenical_altar
D:2:      layout_basic
D:3:      layout_basic, mainiacjoe_overflow_catch_the_wave,
          nicolae_vehumet_altar_sigil, lightli_sewer_entry_pipes, serial_shops,
          nicolae_shop_stone
Sewer:    sewer_frog_island_02

Skill      XL: |  1  2  3  4  5 |
---------------+----------------+-----
Hexes          | 1 2 |  2.3
Translocations | 1 |  1.7
Evocations     | 1 |  1.8
Throwing       | 1 |  1.4
Stealth        | 3 |  3.0
Spellcasting   | 4 |  4.0
Dodging        | |  2.9
Conjurations   | |  4.8

Action                   |  1- 3 |  4- 6 || total
-------------------------+-------+-------++-------
Melee: Dagger            |     4 |     3 ||     7
 Cast: Magic Dart        |    45 |    50 ||    95
       Searing Ray       |     7 |    10 ||    17
       Iskenderun's Myst |       |     1 ||     1
  Use: Scroll            |     3 |       ||     3
Armor: Robe              |       |     5 ||     5
Dodge: Dodged            |     6 |     6 ||    12
